 Dungeon Crawl Stone Soup version 0.26.1-2-gb8aa6d0cf2 (webtiles) character file.

Game seed: 17471192302938057582

90 jlumianski the Skirmisher (level 4, 0/40 HPs)
             Began as a Palentonga Fighter on Feb 17, 2021.
             Killed from afar by an orc wizard (5 damage)
             ... with a puff of flame
             ... on level 2 of the Dungeon.
             The game lasted 00:06:55 (2147 turns).

jlumianski the Skirmisher (Palentonga Fighter)      Turns: 2147, Time: 00:06:55

Health: 0/40       AC:  9    Str: 21    XL:     4   Next: 32%
Magic:  4/4        EV:  2    Int:  8    God:
Gold:   66         SH:  9    Dex:  9    Spells: 3/3 levels left

rFire    . . .     SeeInvis +   a - +0 war axe
rCold    . . .     Faith    .   c - +0 kite shield
rNeg     . . .     Spirit   .   j - +0 plate armour
rPois    .         Reflect  .   (no helmet)
rElec    .         Harm     .   (no cloak)
rCorr    .         Rampage  .   (no gloves)
Will     .....                  (no barding)
Stlth    ..........             (no amulet)
HPRegen  0.13/turn              (no ring)
MPRegen  0.09/turn              (no ring)

@: mighty
A: large, rugged brown scales 3, see invisible, deformed body, roll 1, armoured
tail
a: Rolling Charge


You were on level 2 of the Dungeon.
You visited 1 branch of the dungeon, and saw 2 of its levels.

You collected 66 gold pieces.

Inventory:

Hand Weapons
 a - a +0 war axe (weapon)
Missiles
 e - 149 stones
 g - 5 silver javelins (quivered)
Armour
 b - a +0 scale mail
 c - a +0 kite shield (worn)
 j - a +0 plate armour (worn)
Scrolls
 f - a scroll of fear {unknown}
 h - a scroll of remove curse {unknown}
 i - a scroll of identify {unknown}
Potions
 d - 2 potions of might
 l - a potion of brilliance
 m - a potion of mutation {unknown}


   Skills:
 + Level 3.3 Fighting
 + Level 2.7 Axes
 + Level 3.1 Armour
 + Level 0.3 Dodging
 + Level 3.0 Shields


You had 3 spell levels left.
You didn't know any spells.
Your spell library was empty.

Dungeon Overview and Level Annotations

Branches:
Dungeon (2/15)

Altars:


Innate Abilities, Weirdness & Mutations

You are completely covered in rugged brown scales. (AC +3, +7% HP)
You have supernaturally acute eyesight. (SInv)
Armour fits poorly on your strangely shaped body.
You can roll at nearby foes to attack.
You have a long armoured tail.


Message History

The orc priest hits you but does no damage.
The orc priest calls down the wrath of Beogh upon you.
You barely resist. You closely miss the orc wizard.
The orc wizard is moderately wounded.
You barely miss the orc priest.
The orc priest is heavily wounded.
You closely miss the orc wizard.
You feel less confused.
The orc wizard hits you but does no damage.
The orc priest hits you but does no damage.
The orc wizard gestures at you while chanting.
The puff of flame hits you!
* * * LOW HITPOINT WARNING * * *
You feel very mighty all of a sudden.
The orc priest hits you with a +0 falchion.
* * * LOW HITPOINT WARNING * * *
The orc wizard casts a spell at you. The puff of flame hits you.
You die...

#.##...###.##.###.##### #.
#.###.###.............# #. #.#
#.........###.###.# #. #####.#
#####...### #.# #.# #. #.....#
##.## #.###.###. #.##### #.#
#......... #.# #.# #######.## #.#
##+## #.# #.# ##@..## #.# #.####
##oo...## ####.# #.##.##
##.......## ##.##.#
####.#...####!........####...#.#
............+.........'.....)..#
.###.#)..####........)####.......
.# #.#..## ##.......## #..##.#.
.# #.#.## ##.....## #..##.#. .#
#.#.# ##...## #..##.#


You could see an orc priest and an orc wizard.

Vanquished Creatures
  4 adders
  3 dart slugs
  2 leopard geckos
  An orc (D:2)
  10 goblins
  8 hobgoblins
  A ball python (D:1)
  6 bats
  7 kobolds
  A rat (D:2)
43 creatures vanquished.

Notes
Turn   | Place    | Note
-------+----------+-------------------------------------------
     0 | D:1      | jlumianski the Palentonga Fighter began the quest for the
                  | Orb.
     0 | D:1      | Reached XP level 1. HP: 20/20 MP: 1/1
   225 | D:1      | Reached XP level 2. HP: 27/27 MP: 2/2
  1177 | D:1      | Reached XP level 3. HP: 29/33 MP: 3/3
  1563 | D:2      | Reached XP level 4. HP: 28/40 MP: 4/4
  2147 | D:2      | Killed from afar by an orc wizard

Illustrated notes

Levels and vault maps discovered:
D:1:      dpeg_arrival_connections, layout_basic
D:2:      layout_loops_corners, chequers_ecumenical_altar_grove,
          kennysheep_generic_room_3

Skill      XL: |  1  2  3 |
---------------+----------+-----
Shields        | 3 |  3.0
Armour         | 3 |  3.1
Fighting       | |  3.3
Axes           | |  2.7
Dodging        | |  0.3

Action                   |  1- 3 |  4- 6 || total
-------------------------+-------+-------++-------
Melee: War axe           |   115 |    28 ||   143
       Tailslap          |    10 |     3 ||    13
Throw: Javelin           |     1 |     2 ||     3
 Abil: Rolling Charge    |    18 |     6 ||    24
  Use: Potion            |     2 |     1 ||     3
Armor: Scale mail        |    61 |       ||    61
       Plate armour      |     6 |    15 ||    21
Dodge: Dodged            |    31 |     3 ||    34
Block: Kite shield       |    77 |    16 ||    93
